 Dungeon Crawl Stone Soup version 0.17-a0-737-gf0a300a (webtiles) character file.

7148 Kisielow the Carver (level 10, -5/91 HPs)
             Began as a Minotaur Fighter on Apr 27, 2015.
             Was a Priest of Okawaru.
             Slain by a fire dragon (10 damage)
             ... on level 10 of the Dungeon.
             The game lasted 00:24:03 (9523 turns).

Kisielow the Carver (Minotaur Fighter)              Turns: 9523, Time: 00:24:04

Health: -5/91      AC: 21    Str: 29      XL:     10   Next: 86%
Magic:  9/9        EV:  7    Int:  5      God:    Okawaru [***...]
Gold:   450        SH: 12    Dex: 10 (13) Spells: 0 memorised, 9 levels left

rFire  . . .     SeeInvis +     d - +4 scimitar "Dougg" {slice, rElec MR- Str+4 SInv}
rCold  + . .     Clarity  .     x - +1 plate armour
rNeg   . . .     SustAb   .     c - +0 shield
rPois  .         Gourm    .     (helmet restricted)
rElec  +         Spirit   .     L - +0 cloak
rCorr  .         Warding  .     y - +0 pair of gloves
rMut   .         Stasis   .     p - +0 pair of boots
MR     .....                    (no amulet)
Stlth  ..........               q - +1 ring of protection
                                f - ring of protection from cold

@: hasted, very quick, not resistant to hostile enchantments, extremely
unstealthy
A: retaliatory headbutt, horns 2, agile 1, spit poison 1, strong 1
a: Spit Poison, Heroism, Renounce Religion


You were on level 10 of the Dungeon.
You worshipped Okawaru.
Okawaru was most pleased with you.
You were hungry.

You visited 2 branches of the dungeon, and saw 11 of its levels.

You collected 603 gold pieces.
You spent 153 gold pieces at shops.

Inventory:

Hand weapons
 d - the +4 scimitar "Dougg" (weapon) {slice, rElec MR- Str+4 SInv}
   (You bought it in a shop on level 6 of the Dungeon)

   It inflicts extra damage upon your enemies.
   It affects your strength (+4).
   It insulates you from electricity.
   It affects your resistance to hostile enchantments.
   It enhances your eyesight.
 A - a +0 long sword of flaming
 B - the +6 trident of Prudence {flame, Str+2 Int+7 Stlth-}
   (You found it on level 9 of the Dungeon)

   It has been specially enchanted to burn those struck by it, causing extra
   injury to most foes and up to half again as much damage against particularly
   susceptible opponents.
   It affects your strength (+2).
   It affects your intelligence (+7).
   It makes you less stealthy.
Armour
 a - the +0 buckler of Hedge Wizardry {MR+}
   (You found it on level 7 of the Dungeon)

   It affects your resistance to hostile enchantments.
 c - a +0 shield (worn)
 p - a +0 pair of boots (worn)
 x - a +1 plate armour (worn)
 y - a +0 pair of gloves (worn)
 L - a +0 cloak (worn)
Jewellery
 f - a ring of protection from cold (left hand)
 q - a +1 ring of protection (right hand)
 D - an uncursed ring of ice
 K - an uncursed ring of teleportation
Magical devices
 r - a wand of polymorph (18)
 w - a wand of draining (7)
 E - a wand of digging (15)
 G - a wand of digging (14)
 J - a wand of digging (12)
Scrolls
 b - 2 scrolls of remove curse
 h - a scroll of teleportation
 l - 3 scrolls of enchant armour
 n - 2 scrolls of immolation
 t - 2 scrolls of recharging
 M - a scroll of acquirement {unknown}
Potions
 m - 4 potions of brilliance
 o - a potion of poison {unknown}
 v - 2 potions of invisibility
 z - a potion of cancellation
 C - 3 potions of flight
 F - 3 potions of curing
Comestibles
 e - 11 bread rations
 i - 3 meat rations
 H - 2 beef jerkies


   Skills:
 * Level 9.4 Fighting
 * Level 11.5 Long Blades
 * Level 10.9 Armour
 - Level 10.1 Shields
 - Level 0.8 Evocations


You had 9 spell levels left.
You didn't know any spells.

Dungeon Overview and Level Annotations

Branches:
Dungeon (10/15)            Temple (1/1) D:7
   Lair: D:8-11         Orc: D:9-12

Altars:
Ashenzari
Cheibriados
Dithmenos
Elyvilon
Fedhas
Gozag
Kikubaaqudgha
Makhleb
Nemelex Xobeh
Okawaru
Qazlal
Ru
Sif Muna
Trog
Vehumet
Xom
Yredelemnul
Zin
The Shining One

Shops:
D:6 (   D:8 }


Innate Abilities, Weirdness & Mutations

You reflexively headbutt those who attack you in melee.
You have a pair of horns on your head.
You are agile. (Dex +2)
You can spit weak poison.
Your muscles are strong. (Str +2)


Message History

The fire dragon is almost dead.
The fire dragon bites you!
* * * LOW HITPOINT WARNING * * *
The fire dragon claws you but does no damage.
The fire dragon tramples you.
* * * LOW HITPOINT WARNING * * *
Drink which item? (? for menu, Esc to quit)
Your magical effects are unravelling.
You feel magically purged. You block the fire dragon's attack.
You block the fire dragon's attack.
The fire dragon tramples you but does no damage.
Drink which item? (? for menu, Esc to quit)
It was a potion of haste.
You feel yourself speed up.
You feel less woody.
Your +0 cloak unmelds from your body.
Your +0 pair of gloves unmelds from your body.
Your +0 pair of boots unmelds from your body.
Your +1 plate armour unmelds from your body.
The fire dragon bites you!
You die...

############........
............y.......
....................
########.<######### #..#
#.y# #..#
########..#############..#
..............†.@DuW......
..........###########.....
#######...# # #...# #...#
#...# #...# #...#
#######...###########


You could see a fire dragon, a purple ugly thing and a wraith.

Vanquished Creatures
  A troll (D:8)
  A spriggan (D:7)
  A deep elf mage (D:9)
  A wyvern (D:6)
  11 yaks
  2 hippogriffs (D:7)
  Edmund (D:5)
  Duvessa (D:5)
  A black bear (D:6)
  2 orc warriors
  A sky beast (D:7)
  4 ice beasts
  A necrophage (D:10)
  6 ogres
  3 phantoms
  3 centaurs
  3 giant frogs
  Dowan (D:5)
  9 killer bees (D:10)
  A scorpion (D:9)
  12 wights
  A quasit (D:8)
  2 centaur zombies
  2 crimson imps
  2 giant frog skeletons
  9 hounds
  A jelly (D:7)
  11 orc wizards
  An iguana (D:10)
  4 orc priests
  Terence (D:2)
  Natasha (thrice) (D:2)
  3 worker ants
  A hound skeleton (D:9)
  4 gnolls (D:5)
  7 adders
  A shadow imp (D:7)
  2 oozes
  An adder skeleton (D:4)
  An adder zombie (D:7)
  3 worms
  7 giant geckos
  24 orcs
  14 bats
  6 giant cockroaches
  9 goblins
  17 hobgoblins
  14 kobolds
  2 quokkas
  4 ball pythons
  2 giant gecko skeletons (D:4)
  3 giant newts
  A quokka zombie (D:5)
  9 rats
  4 ballistomycetes (D:9)
242 creatures vanquished.

Vanquished Creatures (others)
  A giant spore (D:9)
1 creature vanquished.

Grand Total: 243 creatures vanquished

Notes
Turn   | Place    | Note
--------------------------------------------------------------
     0 | D:1      | Kisielow, the Minotaur Fighter, began the quest for the Orb.
     0 | D:1      | Reached XP level 1. HP: 19/19 MP: 0/0
    78 | D:1      | Reached XP level 2. HP: 25/27 MP: 1/1
   195 | D:1      | Reached skill level 4 in Armour
   732 | D:2      | Reached XP level 3. HP: 33/33 MP: 2/2
   857 | D:2      | Noticed Terence
   869 | D:2      | Killed Terence
   907 | D:2      | Reached XP level 4. HP: 38/40 MP: 3/3
   980 | D:2      | Found a basalt altar of Yredelemnul.
  1032 | D:2      | Noticed Natasha
  1037 | D:2      | Killed Natasha
  1054 | D:2      | Noticed Natasha
  1061 | D:2      | Killed Natasha
  1124 | D:2      | Noticed Natasha
  1131 | D:2      | Killed Natasha
  1392 | D:3      | Found a shattered altar of Ashenzari.
  1556 | D:3      | Reached XP level 5. HP: 46/46 MP: 4/4
  1563 | D:3      | Reached skill level 5 in Shields
  1783 | D:3      | Found a white marble altar of Elyvilon.
  1785 | D:3      | Found a bloodstained altar of Trog.
  1788 | D:3      | Found an opulent altar of Gozag.
  1789 | D:3      | Found a stormy altar of Qazlal.
  1789 | D:3      | Found a glowing silver altar of Zin.
  1790 | D:3      | Found an ancient bone altar of Kikubaaqudgha.
  1791 | D:3      | Found a snail-covered altar of Cheibriados.
  2033 | D:4      | Noticed a phantom
  2058 | D:4      | Killed a phantom
  2058 | D:4      | Reached skill level 5 in Armour
  2058 | D:4      | Reached XP level 6. HP: 51/53 MP: 5/5
  2195 | D:4      | Noticed a phantom
  2230 | D:4      | Killed a phantom
  2780 | D:5      | Entered Level 5 of the Dungeon
  2783 | D:5      | Reached skill level 6 in Armour
  2825 | D:5      | Reached skill level 5 in Long Blades
  2941 | D:5      | Reached XP level 7. HP: 53/60 MP: 6/6
  2965 | D:5      | Noticed Blork the orc
  2979 | D:5      | Noticed Blork
  2979 | D:5      | Blork the orc changed into Blork the hound
  2993 | D:5      | Killed Blork the hound
  2995 | D:5      | Found a deep blue altar of Sif Muna.
  3109 | D:5      | Reached skill level 5 in Fighting
  3167 | D:5      | Noticed Edmund
  3184 | D:5      | Killed Edmund
  3601 | D:5      | Reached skill level 7 in Shields
  3611 | D:5      | Noticed Duvessa
  3614 | D:5      | Noticed Dowan
  3630 | D:5      | Reached XP level 8. HP: 45/69 MP: 7/7
  3640 | D:5      | Killed Duvessa
  3658 | D:5      | Killed Dowan
  4684 | D:6      | Found Tonu's Antique Weapon Shoppe.
  4691 | D:6      | Bought an ancient scimitar for 153 gold pieces
  4691 | D:6      | Identified the +4 scimitar "Dougg" {slice, rElec MR- Str+4 SInv} (You bought it in a shop on level 6 of the Dungeon)
  4754 | D:6      | Reached skill level 8 in Armour
  5347 | D:6      | Reached XP level 9. HP: 78/78 MP: 8/8
  5786 | D:7      | Found a glowing golden altar of the Shining One.
  5946 | D:7      | Reached skill level 9 in Armour
  6008 | D:7      | Gained mutation: Your body is slowly deteriorating. [mutagenic meat]
  6009 | D:7      | Gained mutation: You are clumsy. (Dex -2) [mutagenic meat]
  6011 | D:7      | Lost mutation: Your body is slowly deteriorating. [potion of cure mutation]
  6011 | D:7      | Lost mutation: You are clumsy. (Dex -2) [potion of cure mutation]
  6168 | D:7      | Found a staircase to the Ecumenical Temple.
  6402 | D:7      | Got a smoking buckler
  6413 | D:7      | Identified the cursed +0 buckler of Hedge Wizardry {MR+} (You found it on level 7 of the Dungeon)
  6913 | D:7      | Found a glowing golden altar of the Shining One.
  6958 | Temple   | Entered the Ecumenical Temple
  7038 | Temple   | Became a worshipper of Warmaster Okawaru
  7101 | D:8      | Found Lasuil Tegh's Gadget Shop.
  7881 | D:8      | Gained mutation: Your muscles are strong. (Str +2) [potion of mutation]
  7881 | D:8      | Gained mutation: You are agile. (Dex +2) [potion of mutation]
  7881 | D:8      | Gained mutation: You can spit weak poison. [potion of mutation]
  7924 | D:8      | Reached skill level 10 in Shields
  7983 | D:8      | Acquired Okawaru's first power
  7983 | D:8      | Reached XP level 10. HP: 71/88 MP: 9/9
  8075 | D:9      | Reached skill level 10 in Armour
  8528 | D:9      | Reached skill level 10 in Long Blades
  8682 | D:9      | Got a slimy trident
  8683 | D:9      | Identified the +6 trident of Prudence {flame, Str+2 Int+7 Stlth-} (You found it on level 9 of the Dungeon)
  9017 | D:10     | Entered Level 10 of the Dungeon
  9069 | D:10     | Reached skill level 11 in Long Blades
  9491 | D:10     | Noticed a fire dragon
  9503 | D:10     | HP: 4/91 [fire dragon/blast of flame (48)]
  9505 | D:10     | Noticed a purple ugly thing
  9523 | D:10     | Slain by a fire dragon

Action                   |  1- 3 |  4- 6 |  7- 9 | 10-12 || total
-------------------------+-------+-------+-------+-------++-------
Melee: Long sword        |   103 |   178 |   112 |       ||   393
       Unarmed           |       |       |     7 |       ||     7
       Scimitar          |       |       |   177 |   198 ||   375
 Abil: Spit Poison       |       |       |       |     1 ||     1
Evoke: Wand              |       |       |     2 |       ||     2
  Use: Potion            |       |       |     5 |     6 ||    11
       Scroll            |       |       |    20 |     1 ||    21
  Eat: Chunk             |       |     7 |    13 |     5 ||    25
       Bread ration      |       |       |     1 |       ||     1
